PUBAA
LA GRANGE ZZ'S @ SAVANNAH INDIANS
07/09/1972
 
TOP OF THE 1ST
La Grange ZZ's batting - Pitching for Savannah Indians : RHP Juan Valdés
Pitching: RHP Juan Valdés
Batting: SHB Bob MacPherson 0-0: Ball
1-0: Fly out, F2 (Popup, 23F, EV 84.4 MPH)
Batting: RHB Ricardo Castro 0-0: Called Strike
0-1: Ground out 4-3 (Groundball, 4, EV 85.6 MPH)
Batting: LHB Rich Chiles 0-0: Ball
1-0: Ball
2-0: SINGLE (Groundball, 56, EV 101.3 MPH)
Batting: RHB Ben Bell 0-0: Foul Ball, location: 5DF
0-1: Ball
1-1: Ball
Rich Chiles is caught stealing 2nd base 2-4
Top of the 1st over - 0 runs, 1 hit, 0 errors, 0 left on base; La Grange 0 - Savannah 0
BOTTOM OF THE 1ST
Savannah Indians batting - Pitching for La Grange ZZ's : RHP Bill Parsons
Pitching: RHP Bill Parsons
Batting: LHB Greg Parks 0-0: Ball
1-0: Ball
2-0: Ball
3-0: Base on Balls
Batting: LHB Octávio Herrera 0-0: Bunted foul
0-1: Ball
1-1: Sac Bunt to 2L - play at first, batter OUT! 2-3
Greg Parks to second
Batting: RHB Cedric Young 0-0: Called Strike
0-1: Foul Ball, location: 2F
0-2: Ball
1-2: Fly out, F8 (Flyball, 8RM, EV 94.4 MPH)
Batting: LHB Duke Sims 0-0: Ball
1-0: Ball
2-0: Foul Ball, location: 2F
2-1: Ball
3-1: Fly out, F4 (Popup, 34D, EV 64.4 MPH)
Bottom of the 1st over - 0 runs, 0 hits, 0 errors, 1 left on base; La Grange 0 - Savannah 0
TOP OF THE 2ND
La Grange ZZ's batting - Pitching for Savannah Indians : RHP Juan Valdés
Batting: RHB Ben Bell 0-0: Called Strike
0-1: Ball
1-1: Ground out 2-3 (Groundball, 2L, EV 65.6 MPH)
Batting: RHB Davey Johnson 0-0: Ball
1-0: Fly out, F8 (Flyball, 8LD, EV 85.0 MPH)
Batting: LHB Javier González 0-0: Ball
1-0: Ball
2-0: Called Strike
2-1: Foul Ball, location: 5F
2-2: Ball
3-2: Fly out, F7 (Flyball, 7, EV 88.8 MPH)
Top of the 2nd over - 0 runs, 0 hits, 0 errors, 0 left on base; La Grange 0 - Savannah 0
BOTTOM OF THE 2ND
Savannah Indians batting - Pitching for La Grange ZZ's : RHP Bill Parsons
Batting: RHB Jeff Burroughs 0-0: Ball
1-0: Ball
2-0: Ball
3-0: Called Strike
3-1: Base on Balls
Batting: LHB Brenton Collins 0-0: Ball
1-0: Called Strike
1-1: Foul Ball, location: 3FF
1-2: Fielders Choice at 2nd, 4-6 (Groundball, 4MD, EV 106.3 MPH)
Batting: LHB Harvey Howell 0-0: Ball
Brenton Collins is caught stealing 2nd base 2-6
1-0: Called Strike
1-1: Called Strike
1-2: Ground out U3 (Groundball, 23, EV 83.1 MPH)
Bottom of the 2nd over - 0 runs, 0 hits, 0 errors, 0 left on base; La Grange 0 - Savannah 0
TOP OF THE 3RD
La Grange ZZ's batting - Pitching for Savannah Indians : RHP Juan Valdés
Batting: RHB Fred Wilson 0-0: Called Strike
0-1: Foul Ball, location: 2F
0-2: Ball
1-2: Strikes out swinging
Batting: RHB Dan Maines 0-0: Called Strike
0-1: Called Strike
0-2: Ball
1-2: Ground out 6-3 (Groundball, 6, EV 76.3 MPH)
Batting: RHB Pat Myers 0-0: Called Strike
0-1: SOLO HOME RUN (Flyball, 9LD, EV 92.5 MPH), Distance : 340 ft
Batting: SHB Bob MacPherson 0-0: Ball
1-0: Called Strike
1-1: SINGLE (Groundball, 6MS, EV 62.5 MPH) (infield hit)
Batting: RHB Ricardo Castro 0-0: Called Strike
Bob MacPherson steals 2nd base
0-1: Swinging Strike
0-2: SINGLE (Flyball, 5D, EV 93.8 MPH)
Bob MacPherson to third
Runner from 3rd tries for Home, throw by LF and OUT! 7-2
Top of the 3rd over - 1 run, 3 hits, 0 errors, 1 left on base; La Grange 1 - Savannah 0
BOTTOM OF THE 3RD
Savannah Indians batting - Pitching for La Grange ZZ's : RHP Bill Parsons
Batting: LHB Ed Kranepool 0-0: Fly out, F8 (Flyball, 8LM, EV 76.3 MPH)
Batting: RHB Hector Torres 0-0: Ball
1-0: Fly out, F9 (Line Drive, 89D, EV 95.0 MPH)
Batting: LHB Greg Parks 0-0: Called Strike
0-1: Swinging Strike
0-2: Ball
1-2: Ball
2-2: Foul Ball, location: 2F
2-2: Foul Ball, location: 3SF
2-2: Ground out 4-3 (Groundball, 4M, EV 103.8 MPH)
Bottom of the 3rd over - 0 runs, 0 hits, 0 errors, 0 left on base; La Grange 1 - Savannah 0
TOP OF THE 4TH
La Grange ZZ's batting - Pitching for Savannah Indians : RHP Juan Valdés
Batting: LHB Rich Chiles 0-0: Ball
1-0: Foul Ball, location: 2F
1-1: Ball
2-1: Called Strike
2-2: Strikes out swinging
Batting: RHB Ben Bell 0-0: Ball
1-0: Called Strike
1-1: Foul Ball, location: 9LSF
1-2: Ball
2-2: Ball
3-2: Foul Ball, location: 2F
3-2: Foul Ball, location: 5FF
3-2: Strikes out swinging, 2-3 out at first.
Batting: RHB Davey Johnson 0-0: Ground out 6-3 (Groundball, 56, EV 90.6 MPH)
Top of the 4th over - 0 runs, 0 hits, 0 errors, 0 left on base; La Grange 1 - Savannah 0
BOTTOM OF THE 4TH
Savannah Indians batting - Pitching for La Grange ZZ's : RHP Bill Parsons
Batting: LHB Octávio Herrera 0-0: Called Strike
0-1: Ball
1-1: SINGLE (Groundball, 3S, EV 72.5 MPH) (infield hit)
Batting: RHB Cedric Young 0-0: Fly out, F4 (Flyball, 34D, EV 89.4 MPH)
Batting: LHB Duke Sims 0-0: Called Strike
0-1: Swinging Strike
0-2: Ball
1-2: Ball
Octávio Herrera steals 2nd base
2-2: Fly out, F8 (Flyball, 8RM, EV 89.4 MPH)
Batting: RHB Jeff Burroughs 0-0: Ball
1-0: Foul Ball, location: 9LDF
1-1: Fly out, F8 (Flyball, 8LS, EV 90.6 MPH)
Bottom of the 4th over - 0 runs, 1 hit, 0 errors, 1 left on base; La Grange 1 - Savannah 0
TOP OF THE 5TH
La Grange ZZ's batting - Pitching for Savannah Indians : RHP Juan Valdés
Batting: LHB Javier González 0-0: Ball
1-0: Called Strike
1-1: Foul Ball, location: 3FF
1-2: Foul Ball, location: 5FF
1-2: Ball
2-2: Foul Ball, location: 7LSFF
2-2: Fly out, F8 (Flyball, 8LM, EV 84.4 MPH)
Batting: RHB Fred Wilson 0-0: Ball
1-0: Fly out, F9 (Line Drive, 89S, EV 91.9 MPH)
Batting: RHB Dan Maines 0-0: Ball
1-0: Ball
2-0: Ball
3-0: Swinging Strike
3-1: Swinging Strike
3-2: Strikes out swinging
Top of the 5th over - 0 runs, 0 hits, 0 errors, 0 left on base; La Grange 1 - Savannah 0
BOTTOM OF THE 5TH
Savannah Indians batting - Pitching for La Grange ZZ's : RHP Bill Parsons
Batting: LHB Brenton Collins 0-0: Ball
1-0: DOUBLE (Line Drive, 5D, EV 98.8 MPH)
Batting: LHB Harvey Howell 0-0: Ball
1-0: Ball
2-0: Ball
3-0: Called Strike
3-1: Base on Balls
Batting: LHB Ed Kranepool 0-0: Sac Bunt to 15S - play at first, batter OUT! 1-3
Brenton Collins to third
Harvey Howell to second
Batting: RHB Hector Torres 0-0: Called Strike
0-1: Foul Ball, location: 2F
0-2: Ball
1-2: Fly out, F8 (Line Drive, 8RS, EV 97.5 MPH)
Batting: LHB Greg Parks 0-0: Called Strike
0-1: Swinging Strike
0-2: Ground out 4-3 (Groundball, 4S, EV 69.4 MPH)
Bottom of the 5th over - 0 runs, 1 hit, 0 errors, 2 left on base; La Grange 1 - Savannah 0
TOP OF THE 6TH
La Grange ZZ's batting - Pitching for Savannah Indians : RHP Juan Valdés
Batting: RHB Pat Myers 0-0: Called Strike
0-1: Foul Ball, location: 2F
0-2: Foul Ball, location: 9LSF
0-2: Foul Ball, location: 25F
0-2: Ball
1-2: Foul Ball, location: 2F
1-2: Strikes out looking
Batting: SHB Bob MacPherson 0-0: Ball
1-0: Called Strike
1-1: Ball
2-1: Swinging Strike
2-2: Ball
3-2: Foul Ball, location: 25FF
3-2: Foul Ball, location: 5DF
3-2: Foul Ball, location: 23FF
3-2: Foul Ball, location: 2LF
3-2: Strikes out looking
Batting: RHB Ricardo Castro 0-0: Foul Ball, location: 2F
0-1: Called Strike
0-2: Ball
1-2: Strikes out swinging
Top of the 6th over - 0 runs, 0 hits, 0 errors, 0 left on base; La Grange 1 - Savannah 0
BOTTOM OF THE 6TH
Savannah Indians batting - Pitching for La Grange ZZ's : RHP Bill Parsons
Batting: LHB Octávio Herrera 0-0: Ball
1-0: Ground out 6-3 (Groundball, 6, EV 86.3 MPH)
Batting: RHB Cedric Young 0-0: Ball
1-0: Ball
2-0: Ball
3-0: Base on Balls
Batting: LHB Duke Sims 0-0: Ball
1-0: Fly out, F6 (Popup, 15, EV 90.6 MPH)
Batting: RHB Jeff Burroughs 0-0: Ball
1-0: Foul Ball, location: 2F
1-1: Foul Ball, location: 2F
1-2: Fly out, F8 (Flyball, 8RM, EV 91.3 MPH)
Bottom of the 6th over - 0 runs, 0 hits, 0 errors, 1 left on base; La Grange 1 - Savannah 0
TOP OF THE 7TH
La Grange ZZ's batting - Pitching for Savannah Indians : RHP Juan Valdés
Batting: LHB Rich Chiles 0-0: Ball
1-0: Called Strike
1-1: Hit by Pitch
Batting: RHB Ben Bell 0-0: Foul Ball, location: 5F
0-1: Ball
1-1: Foul Ball, location: 9LSF
1-2: Strikes out swinging
Batting: RHB Davey Johnson 0-0: Ball
1-0: Ball
2-0: Ball
3-0: Base on Balls
Rich Chiles to second
Pitching: RHP Jorian Das
Pinch Runner at 2nd Russell McDonald:
Batting: LHB Javier González 0-0: Called Strike
0-1: Foul Ball, location: 5DF
0-2: Fly out, F8 (Flyball, 89D, EV 102.5 MPH)
Batting: RHB Fred Wilson 0-0: Called Strike
0-1: Ball
1-1: Ball
2-1: Ball
3-1: Called Strike
3-2: Ground out 6-3 (Groundball, 6, EV 91.3 MPH)
Top of the 7th over - 0 runs, 0 hits, 0 errors, 2 left on base; La Grange 1 - Savannah 0
BOTTOM OF THE 7TH
Savannah Indians batting - Pitching for La Grange ZZ's : RHP Bill Parsons
Batting: LHB Brenton Collins 0-0: Called Strike
0-1: Called Strike
0-2: Foul Ball, location: 3FF
0-2: Strikes out looking
Batting: LHB Harvey Howell 0-0: Ground out 5-3 (Groundball, 56S, EV 88.8 MPH)
Batting: LHB Ed Kranepool 0-0: Ball
1-0: Ball
2-0: Ball
3-0: Base on Balls
Pinch Hitting: SHB Wes Parker 0-0: Ball
1-0: Foul Ball, location: 2F
1-1: Ball
2-1: Ball
3-1: Foul Ball, location: 2F
3-2: Base on Balls
Ed Kranepool to second
Batting: LHB Greg Parks 0-0: Called Strike
0-1: Fly out, F4 (Line Drive, 34, EV 66.9 MPH)
Bottom of the 7th over - 0 runs, 0 hits, 0 errors, 2 left on base; La Grange 1 - Savannah 0
TOP OF THE 8TH
La Grange ZZ's batting - Pitching for Savannah Indians : RHP Jorian Das
Now at SS: Tommy Helms
Batting: RHB Dan Maines 0-0: Ball
1-0: Ball
2-0: Called Strike
2-1: Ball
3-1: Base on Balls
Batting: RHB Pat Myers 0-0: Called Strike
0-1: Swinging Strike
0-2: Ball
1-2: Ball
2-2: Foul Ball, location: 5FF
2-2: Strikes out swinging
Batting: SHB Bob MacPherson 0-0: Ball
Dan Maines steals 2nd base
1-0: Called Strike
1-1: Swinging Strike
1-2: SINGLE (Groundball, 4MS, EV 66.9 MPH) (infield hit)
Dan Maines to third
Batting: RHB Ricardo Castro 0-0: Ball
1-0: Ball
2-0: Ball
3-0: Base on Balls
Bob MacPherson to second
Batting: LHB Russell McDonald 0-0: Ball
1-0: Swinging Strike
1-1: Ball
2-1: Foul Ball, location: 3FF
2-2: Ball
3-2: Foul Ball, location: 25FF
3-2: Fly out, F5 (Popup, 5S, EV 75.0 MPH)
Batting: RHB Ben Bell 0-0: Fielders Choice at 2nd, 6-4 (Groundball, 6, EV 83.1 MPH)
Top of the 8th over - 0 runs, 1 hit, 0 errors, 3 left on base; La Grange 1 - Savannah 0
BOTTOM OF THE 8TH
Savannah Indians batting - Pitching for La Grange ZZ's : RHP Bill Parsons
Now at 3B: Dan Monzon
Batting: LHB Octávio Herrera 0-0: Fly out, F9 (Flyball, 9S, EV 92.5 MPH)
Batting: RHB Cedric Young 0-0: Called Strike
0-1: Ball
1-1: Called Strike
1-2: Ground out 5-3 (Groundball, 5, EV 86.3 MPH)
Batting: LHB Duke Sims 0-0: Ball
1-0: Ball
2-0: Ball
3-0: Base on Balls
Batting: RHB Jeff Burroughs 0-0: Called Strike
0-1: Fly out, F5 (Popup, 56, EV 60.0 MPH)
Bottom of the 8th over - 0 runs, 0 hits, 0 errors, 1 left on base; La Grange 1 - Savannah 0
TOP OF THE 9TH
La Grange ZZ's batting - Pitching for Savannah Indians : RHP Jorian Das
Batting: RHB Davey Johnson 0-0: Called Strike
0-1: Called Strike
0-2: Ball
1-2: Ground out 6-3 (Groundball, 6, EV 85.0 MPH)
Pitching: RHP Chuck Taylor
Batting: LHB Javier González 0-0: Called Strike
0-1: Called Strike
0-2: Ball
1-2: Foul Ball, location: 23F
1-2: Ball
2-2: Foul Ball, location: 3FF
2-2: Fly out, F6 (Popup, 6M, EV 70.6 MPH)
Batting: RHB Fred Wilson 0-0: Ball
1-0: Ground out 4-3 (Groundball, 4, EV 88.1 MPH)
Top of the 9th over - 0 runs, 0 hits, 0 errors, 0 left on base; La Grange 1 - Savannah 0
BOTTOM OF THE 9TH
Savannah Indians batting - Pitching for La Grange ZZ's : RHP Bill Parsons
Batting: LHB Brenton Collins 0-0: SINGLE (Line Drive, 34D, EV 98.8 MPH)
Batting: LHB Harvey Howell 0-0: Called Strike
0-1: Bunted foul
0-2: SINGLE (Line Drive, 89M, EV 100.6 MPH)
Brenton Collins to second
Pitching: RHP Leen Morkam
Batting: LHB Ed Kranepool 0-0: Swinging Strike
0-1: Sac Bunt to 2L - play at first, batter OUT! 2-3
Brenton Collins to third
Harvey Howell to second
Pinch Hitting: LHB Brock Davis 0-0: Ball
1-0: Foul Ball, location: 9LDF
1-1: Foul Ball, location: 2F
1-2: Foul Ball, location: 2F
1-2: Strikes out looking
Batting: LHB Greg Parks 0-0: Intentional Walk
Batting: LHB Octávio Herrera 0-0: Foul Ball, location: 2F
0-1: Ball
1-1: SINGLE (Line Drive, 78S, EV 106.3 MPH)
Brenton Collins scores
Harvey Howell to third
Greg Parks to second
Runner from 3rd tries for Home, SAFE, throw by LF to home
Bottom of the 9th over - 2 runs, 3 hits, 0 errors, 2 left on base; La Grange 1 - Savannah 2
Monday, April 8th , 2024 - OOTP Baseball 24.8 Build 75